 Dungeon Crawl Stone Soup version 0.25.0-9-g26727b657a (webtiles) character file.

Game seed: 11419286105468548144

2207 protoss039 the Thaumaturge (level 9, -5/47 HPs)
             Began as a Deep Elf Earth Elementalist on June 22, 2020.
             Hit by a boomerang thrown by an orc warrior (9 damage)
             ... on level 6 of the Dungeon.
             The game lasted 00:23:37 (7040 turns).

protoss039 the Thaumaturge (DEEE)                   Turns: 7040, Time: 00:23:40

Health: -5/47      AC:  3    Str:  5    XL:     9   Next: 13%
Magic:  18/26      EV: 13    Int: 24    God:
Gold:   226        SH:  0    Dex: 15    Spells: 16/31 levels left

rFire    . . .     SeeInvis .   t - +2 short sword (elec)
rCold    . . .     Gourm    .   (no shield)
rNeg     . . .     Faith    .   c - +0 robe
rPois    .         Spirit   .   (no helmet)
rElec    .         Reflect  .   w - +0 cloak
rCorr    .         Harm     .   (no gloves)
MR       .....                  (no boots)
Stlth    ++........             (no amulet)
HPRegen  0.15/turn              (no ring)
MPRegen  0.20/turn              (no ring)

@: no status effects
A: no striking features
a: no special abilities


You were on level 6 of the Dungeon.
You were not hungry.

You visited 2 branches of the dungeon, and saw 7 of its levels.
You also visited: Sewer.

You collected 226 gold pieces.

Inventory:

Hand Weapons
 l - a +0 dagger of venom
 t - a +2 short sword of electrocution (weapon)
 y - a +0 short sword of flaming
Missiles
 b - 20 stones (quivered)
Armour
 c - a +0 robe (worn)
 w - a +0 cloak (worn)
Jewellery
 p - an uncursed ring of wizardry {unknown}
Wands
 C - a wand of acid (7)
Scrolls
 a - a scroll of enchant armour {unknown}
 h - 3 scrolls of remove curse
 i - 2 scrolls of blinking {unknown}
 m - 5 scrolls of teleportation
 n - a scroll of fog {unknown}
 o - a scroll of amnesia {unknown}
 r - 4 scrolls of identify {unknown}
 u - 3 scrolls of enchant weapon {unknown}
 B - 3 scrolls of magic mapping {unknown}
 E - a scroll of random uselessness {unknown}
Potions
 e - a potion of mutation {unknown}
 f - a potion of berserk rage {unknown}
 g - 5 potions of curing {unknown}
 j - 5 potions of stabbing {unknown}
 k - a potion of might {unknown}
 q - a potion of haste {unknown}
 s - a potion of degeneration {unknown}
 v - a potion of resistance {unknown}
 x - 3 potions of heal wounds {unknown}
 z - 2 potions of flight {unknown}
 A - 3 potions of brilliance {unknown}
Comestibles
 d - 16 rations
 D - 7 chunks of flesh


   Skills:
 + Level 1.1 Fighting
 - Level 2.6 Dodging
 - Level 2.5 Stealth
 + Level 11.8 Spellcasting
 + Level 1.3 Conjurations
 + Level 1.1 Transmutations
 * Level 9.1 Earth Magic


You had 16 spell levels left.
You knew the following spells:

 Your Spells              Type           Power        Failure   Level  Hunger
a - Sandblast             Erth           ######       1%          1    None
b - Passwall              Tmut/Erth      #####...     1%          2    None
c - Stone Arrow           Conj/Erth      #####.       1%          3    None
d - Petrify               Tmut/Erth      #####...     5%          4    None
e - Lee's Rapid Deconstr  Erth           ######....   2%          5    ###....

Your spell library contained the following spells:

 Spells                   Type           Power        Failure   Level  Hunger


Dungeon Overview and Level Annotations

Branches:
Dungeon (6/15)             Temple (1/1) D:5           Sewer (visited)

Altars:
Ashenzari
Cheibriados
Dithmenos
Elyvilon
Fedhas
Gozag
Hepliaklqana
Kikubaaqudgha
Makhleb
Nemelex Xobeh
Ru
Sif Muna
Trog
Yredelemnul
Zin


Message History

Unknown command.
Unknown command.
Casting: Passwall (safe; 1% risk of failure)
Confirm with . or Enter, or press ? or * to list all spells.
Aiming: Passwall (safe; 1% risk of failure)
Press: ? - help, Dir - move target cursor A rock wall.
You begin to meditate on the wall.
You continue meditating on the rock.
The orc warrior throws a boomerang.
The boomerang hits you!
* * * LOW HITPOINT WARNING * * *
The weapon returns to the orc warrior!
You continue meditating on the rock.
The orc warrior throws a boomerang.
The boomerang barely misses you.
The weapon returns to the orc warrior!
You continue meditating on the rock.
The orc warrior throws a boomerang.
The boomerang misses you.
The weapon returns to the orc warrior!
You continue meditating on the rock.
The orc warrior throws a boomerang.
The boomerang hits you!
You die...

#.o## .).## #...#
## #. #o#. ... ##
#. #o#.#####..
#..#. #o# ..... .
...#.## #.###..#
..# #...###o##..(#
#.#
....#........@.#.##
#.#
#......##.####..#
#.# ##....###..#
##.# #.# ####
##...# ##.# #.# #.#
#...# ##... .#
#.###.###.....
#...# .#
#..##.##......
#.(.#
.#####.##.##......
#.>..
...................
#...#
#..###..(..........


You could see an orc warrior.

Vanquished Creatures
  Sigmund (D:5)
  A phantom (D:5)
  A sky beast (D:5)
  A black bear (D:6)
  A necrophage (D:5)
  A centaur (D:6)
  4 big kobolds (Sewer)
  7 scorpions
  4 killer bees (D:4)
  A crimson imp (D:5)
  A bullfrog skeleton (D:4)
  A hound (D:5)
  A jelly (D:5)
  3 orc wizards
  Jessica (D:2)
  2 iguanas
  4 worker ants
  A hound zombie (D:5)
  9 gnolls
  A worker ant zombie (D:5)
  6 river rats
  12 adders
  A shadow imp (D:5)
  2 oozes (D:4)
  An adder skeleton (D:4)
  3 worms
  5 dart slugs
  6 leopard geckos
  9 orcs
  6 ball pythons
  13 bats
  7 giant cockroaches
  9 goblins
  10 hobgoblins
  2 jackals (D:3)
  19 kobolds
  A quokka (D:3)
  5 frilled lizards
  A leopard gecko skeleton (D:5)
  25 rats
189 creatures vanquished.

Vanquished Creatures (others)
  2 fungi (D:5)
2 creatures vanquished.

Grand Total: 191 creatures vanquished

Notes
Turn   | Place    | Note
-------+----------+-------------------------------------------
     0 | D:1      | protoss039 the Deep Elf Earth Elementalist began the quest
                  | for the Orb.
     0 | D:1      | Reached XP level 1. HP: 10/10 MP: 6/6
   198 | D:1      | Reached XP level 2. HP: 15/15 MP: 6/8
   736 | D:2      | Found a hazy altar of Hepliaklqana.
   869 | D:2      | Reached XP level 3. HP: 19/19 MP: 8/10
   950 | D:2      | Reached skill level 4 in Spellcasting
  1221 | D:2      | Found a sacrificial altar of Ru.
  1239 | D:2      | Reached XP level 4. HP: 24/24 MP: 9/12
  1377 | D:2      | Learned a level 2 spell: Passwall
  1384 | D:2      | Found a bloodstained altar of Trog.
  1464 | D:2      | Noticed Jessica
  1499 | D:2      | Killed Jessica
  1677 | D:2      | Found a glowing silver altar of Zin.
  2060 | D:3      | Reached skill level 5 in Earth Magic
  2089 | D:3      | Reached skill level 5 in Spellcasting
  2089 | D:3      | Reached XP level 5. HP: 25/28 MP: 8/14
  2923 | D:4      | Found an opulent altar of Gozag.
  2973 | D:4      | Reached skill level 6 in Spellcasting
  3048 | D:4      | Reached XP level 6. HP: 32/33 MP: 14/17
  3053 | D:4      | Reached skill level 7 in Spellcasting
  3223 | D:4      | Reached XP level 7. HP: 25/37 MP: 13/20
  3275 | D:4      | Found a glowing drain.
  3299 | Sewer    | Entered a sewer
  3533 | Sewer    | Reached skill level 8 in Spellcasting
  3791 | Sewer    | Reached skill level 9 in Spellcasting
  4089 | Sewer    | Reached skill level 1 in Fighting
  4642 | D:4      | Learned a level 3 spell: Stone Arrow
  4859 | D:5      | Entered Level 5 of the Dungeon
  4860 | D:5      | Reached XP level 8. HP: 43/43 MP: 21/23
  4950 | D:5      | Reached skill level 10 in Spellcasting
  5393 | D:5      | Reached skill level 11 in Spellcasting
  5393 | D:5      | Found a shattered altar of Ashenzari.
  5469 | D:5      | Noticed Sigmund
  5474 | D:5      | Killed Sigmund
  5675 | D:5      | Found a staircase to the Ecumenical Temple.
  5703 | Temple   | Entered the Ecumenical Temple
  6736 | D:5      | Reached skill level 1 in Conjurations
  6736 | D:5      | Reached XP level 9. HP: 47/47 MP: 20/26
  6888 | D:5      | Learned a level 4 spell: Petrify
  6894 | D:5      | Learned a level 5 spell: Lee's Rapid Deconstruction
  7040 | D:6      | Hit by a boomerang thrown by an orc warrior

Illustrated notes

Levels and vault maps discovered:
D:1:      nzn_arrival_settlement, layout_rooms, serial_bayou_pond_d,
          minmay_split_cup_small
D:2:      layout_loops_ring, bloody_trog, nicolae_overflow_crystal_walls,
          nicolae_overflow_hidden_temple, minmay_pentomino_pile, uniq_jessica
D:3:      lemuel_upstairs_altar, layout_basic
D:4:      layout_basic, lemuel_crystal_altar, portal_sewer_entry_a,
          first_ration, minmay_misc_feat_rows
D:5:      old_forge, layout_basic, nicolae_ashenzari_panopticon,
          minmay_temple_entry_mini_moons, uniq_sigmund
D:6:      layout_rooms, old_standard_altar, serial_shops,
          nicolae_shop_waterfront, minmay_fire_ice_demons, uniq_prince_ribbit1,
          uniq_crazy_yiuf_cottage, uniq_blork_the_orc, uniq_duvessa
Temple:   compressed_dpeg_triangle_lava_temple

Skill      XL: |  1  2  3  4  5  6  7  8  9 |
---------------+----------------------------+-----
Earth Magic    | 4 5 6 7 8 9 |  9.1
Spellcasting   | 4 5 6 7 9 11 | 11.8
Fighting       | 1 |  1.1
Conjurations   | 1 |  1.3
Dodging        | |  2.6
Stealth        | |  2.5
Transmutations | |  1.1

Action                   |  1- 3 |  4- 6 |  7- 9 || total
-------------------------+-------+-------+-------++-------
Melee: Unarmed           |     1 |       |       ||     1
       Spear             |     9 |    28 |       ||    37
       Short sword       |       |    45 |    88 ||   133
 Cast: Sandblast         |    35 |    64 |    99 ||   198
       Stone Arrow       |       |       |    27 ||    27
       Passwall          |       |       |     1 ||     1
  Use: Scroll            |       |     2 |       ||     2
 Stab: Sleeping          |       |     7 |     5 ||    12
  Eat: Chunk             |     1 |     5 |    13 ||    19
Armor: Robe              |     2 |    18 |    36 ||    56
Dodge: Dodged            |    15 |    52 |   146 ||   213
